 Dungeon Crawl Stone Soup version 0.13.1-27-ga479965 (console) character file.

230 RegenMR the Vexing (level 5, -4/28 HPs)
             Began as a Gargoyle Enchanter on Feb 18, 2014.
             Slain by an iguana (7 damage)
             ... on Level 4 of the Dungeon.
             The game lasted 00:12:12 (1370 turns).

RegenMR the Vexing (Gargoyle Enchanter)             Turns: 1370, Time: 00:12:12

HP  -4/28        AC  7     Str 11      XL: 5   Next:  4%
MP   4/8         EV 12     Int 17      God:
Gold 110         SH  0     Dex 10      Spells:  2 memorised,  3 levels left

Res.Fire  : + . .   See Invis. : .   a - +1 dagger {=f}
Res.Cold  : . . .   Warding    : .   b - +1 robe
Life Prot.: + . .   Conserve   : .   (no shield)
Res.Poison: +       Res.Corr.  : .   (no helmet)
Res.Elec. : +       Clarity    : .   (no cloak)
Sust.Abil.: . .     Spirit.Shd : .   (no gloves)
Res.Mut.  : .       Stasis     : .   (no boots)
Res.Rott. : +       Flight     : .   (no amulet)
Saprovore : . . .                    q - ring of protection from fire {unknown}
                                     k - ring of wizardry

@: very slightly contaminated, slightly resistant to hostile enchantments,
fairly stealthy
A: fangs 1, talons 2, life protection 1, electricity resistance, slow metabolism
1, unbreathing, petrification resistance, AC +4
a: no special abilities


You were on level 4 of the Dungeon.
You were not hungry.

You visited 1 branch of the dungeon, and saw 4 of its levels.

You collected 90 gold pieces.

Inventory:

Hand weapons
 a - a +1,+1 dagger (weapon) {=f}
 r - a cursed +0,-2 sabre
 v - a +1,+0 elven sabre
Missiles
 d - 12 darts (quivered)
Armour
 b - a +1 robe (worn)
 u - a +0 chain mail
Magical devices
 l - a wand of paralysis (3)
 m - a wand of lightning (6) {unknown}
 s - a wand of enslavement (11) {unknown}
Comestibles
 f - 5 bread rations
 i - a meat ration
 w - a sausage
Scrolls
 e - a scroll of remove curse {unknown}
 g - a scroll of teleportation {unknown}
 h - a scroll of magic mapping {unknown}
 j - 6 scrolls of identify {unknown}
 o - a scroll of curse jewellery {unknown}
 y - a scroll of random uselessness {unknown}
Jewellery
 k - a ring of wizardry (left hand)
 q - a ring of protection from fire (right hand) {unknown}
 z - a cursed -2 ring of protection {unknown}
Books
 c - a book of Maledictions

   Spells                             Type                      Level
   *Corona                            Hexes                        1
   Sure Blade                         Hexes/Charms                 2
   *Ensorcelled Hibernation           Hexes/Ice                    2
   Confuse                            Hexes                        3
   Enslavement                        Hexes                        4
   Invisibility                       Hexes                        6


   Skills:
 * Level 2.8 Short Blades
 - Level 1.0 Throwing
 - Level 1.5 Dodging
 + Level 2.6 Stealth
 - Level 1.0 Spellcasting
 + Level 3.3 Hexes
 * Level 2.0 Ice Magic


You had 3 spell levels left.
You knew the following spells:

 Your Spells              Type           Power        Failure   Level  Hunger
a - Corona                Hex            ##.....      2%          1    ##.....
b - Ensorcelled Hibernat  Hex/Ice        #.....       5%          2    ###....


Dungeon Overview and Level Annotations

Branches:
Dungeon (4/27)
 Temple: D:4-7

Altars:


Innate Abilities, Weirdness & Mutations

You are resistant to torment.
You are immune to poison.
Your stone body is very resilient (AC +4).
You have very sharp teeth.
You have razor-sharp toenails.
You resist negative energy.
You are resistant to electric shocks.
You have a slow metabolism.
You can survive without breathing.
You are immune to petrification.


Message History

The iguana is moderately wounded.
You feel yourself slow down.
You hit the iguana. You claw the iguana.
The iguana is heavily wounded.
The iguana closely misses you.
You barely miss the iguana.
The iguana is heavily wounded.
The iguana barely misses you.
You closely miss the iguana. Your bite misses the iguana.
The iguana is heavily wounded.
The iguana closely misses you.
You catch the helpless iguana completely off-guard!
You hit the iguana.
The iguana is severely wounded.
You flicker back into view.
The iguana hisses angrily.
You barely miss the iguana. You claw the iguana.
The iguana is almost dead.
The iguana bites you!
You die...

# #................#........... #
#..#.##.#.#..##..#.#..##.####
#####............................
............####.##....#..##.###.
................... ...........#.
####.#............. .............
####.##.##...###.##..............
. ...............l..............)
####.##.##...###@##..............
..............>..................
####.#####.......##..#..####...#.
#.#####<..........#. #...#.
#.........#.#.#...... ......
#.................... ....
###########%......... #.........
#.###.....


You could see an iguana.

Vanquished Creatures
  A worker ant (D:4)
  5 adders
  3 worms
  3 orcs (D:4)
  3 goblins
  5 kobolds
  6 bats
  2 giant cockroaches (D:3)
  A giant newt (D:2)
  A kobold skeleton (D:4)
  5 rats
35 creatures vanquished.

Vanquished Creatures (others)
  2 elves (D:1)
  A spriggan (D:1)
  3 trolls (D:1)
  3 octopodes (D:1)
  A vampire (D:1)
  A naga (D:1)
  A centaur (D:1)
  A mummy (D:1)
  2 kobolds (D:1)
  5 tentacles (D:1)
  34 tentacle segments (D:1)
54 creatures vanquished.

Grand Total: 89 creatures vanquished

Notes
Turn   | Place    | Note
--------------------------------------------------------------
     0 | D:1      | RegenMR, the Gargoyle Enchanter, began the quest for the Orb.
     0 | D:1      | Reached XP level 1. HP: 10/10 MP: 3/3
     2 | D:1      | Noticed an elf
     2 | D:1      | Noticed a spriggan
     2 | D:1      | Noticed an elf
     2 | D:1      | Noticed an octopode
     2 | D:1      | Noticed an octopode
     2 | D:1      | Noticed a centaur
     2 | D:1      | Noticed a troll
     2 | D:1      | Noticed a troll
     2 | D:1      | Noticed a kraken
     2 | D:1      | Noticed a naga
     2 | D:1      | Noticed an octopode
     2 | D:1      | Noticed a vampire
     2 | D:1      | Noticed a troll
     6 | D:1      | Killed a troll
     7 | D:1      | Killed an octopode
    10 | D:1      | Killed a naga
    11 | D:1      | Killed an elf
    11 | D:1      | Killed a spriggan
    11 | D:1      | Killed a troll
    12 | D:1      | Killed a centaur
    14 | D:1      | Killed an elf
    14 | D:1      | Killed an octopode
    15 | D:1      | Killed a vampire
    18 | D:1      | Killed a troll
    19 | D:1      | Killed an octopode
    34 | D:1      | Reached skill level 1 in Short Blades
   196 | D:2      | Reached XP level 2. HP: 13/15 MP: 2/4
   224 | D:2      | Reached skill level 3 in Hexes
   288 | D:2      | Learned a level 2 spell: Ensorcelled Hibernation
   318 | D:1      | Reached XP level 3. HP: 13/19 MP: 2/5
   718 | D:3      | Reached skill level 1 in Ice Magic
   951 | D:4      | Noticed a phantom
  1051 | D:4      | Reached XP level 4. HP: 3/24 MP: 1/7
  1326 | D:3      | HP: 1/24 [adder (4)]
  1337 | D:3      | Reached XP level 5. HP: 3/28 MP: 1/8
  1370 | D:4      | Slain by an iguana

Action                   |  1- 3 |  4- 6 || total
-------------------------+-------+-------++-------
Melee: Dagger            |    84 |    65 ||   149
 Cast: Corona            |     3 |       ||     3
       Ensorcelled Hiber |    11 |     8 ||    19
Evoke: Wand              |     2 |       ||     2
  Use: Potion            |     1 |     4 ||     5
 Stab: Sleeping          |     3 |     3 ||     6
       Paralysed         |     3 |       ||     3
       Invisible         |     1 |     7 ||     8
